AoeStats
← PRO_ENEMY

Black Forest

504862169Analyzed
4v4 RM · 26d ago on Sep 6, 2026· 45m 5s· 8 players
Game mode
Random Map
Map size
Large (8 player)
Population
200
Speed
Normal
Resources
Standard
Victory
Conquest
Starting age
Dark Age
Ending age
Imperial Age
RankedLock teamsTeams togetherTeam positionsShared explorationLock speedFull tech treeHidden civsTurbo modeCheats
Victory
Defeat
🇹🇭 Berbers · Thailand
1241
+13
🇦🇷 Koreans · Argentina
1223
+14
🇵🇰 Dravidians · Pakistan
1213
+15
🇨🇴 Bulgarians · Colombia
1121
+19
🇩🇰 Italians · Denmark
1245
-18
🇪🇸 Persians · Spain
1182
-15
🇩🇰 Goths · Denmark
1147
-14
🇫🇷 Slavs · France
1142
-14
Stinkin Hippy
7:42 Loom
11:50 Feudal Age
13:10 Double-Bit Axe
15:50 Castle Age
15:09 Horse Collar
16:59 Bow Saw
22:23 Wheelbarrow
23:47 Hand Cart
24:27 Gold Mining
24:27 Stone Mining
24:33 Stone Mining
27:14 Gold Shaft Mining
30:36 Imperial Age
29:50 Scale Barding Armor
29:55 Forging
29:36 Fletching
31:17 Chain Barding Armor
30:53 Bodkin Arrow
31:33 Iron Casting
31:11 Bloodlines
31:02 Husbandry
30:58 Cavalier
32:53 Plate Barding Armor
32:53 Conscription
34:17 Blast Furnace
33:17 Elite Camel Archer
35:09 Chemistry
34:30 Ballistics
33:54 Treadmill Crane
34:24 Masonry
34:34 Heavy Plow
35:33 Maghrebi Camels
34:59 Heavy Camel Rider
37:03 Bracer
37:04 Padded Archer Armor
41:37 Leather Archer Armor
Rogfin
0:27 Loom
9:59 Feudal Age
10:31 Double-Bit Axe
11:22 Wheelbarrow
15:19 Horse Collar
19:18 Castle Age
18:16 Gold Mining
18:40 Forging
19:21 Bloodlines
19:37 Forging
21:40 Husbandry
24:51 Bow Saw
30:03 Imperial Age
28:54 Iron Casting
29:35 Hand Cart
29:06 Town Watch
29:27 Scale Barding Armor
30:10 Chain Barding Armor
30:49 Gold Shaft Mining
30:16 Heavy Plow
30:35 Squires
31:38 Stirrups
33:13 Blast Furnace
32:42 Conscription
33:37 Crop Rotation
34:06 Plate Barding Armor
33:57 Scale Mail Armor
35:41 Chain Mail Armor
36:34 Fletching
37:20 Elite Konnik
40:19 Plate Mail Armor
39:37 Arson
42:09 Bodkin Arrow
43:36 Bracer
44:00 Caravan
Haniek!!
0:32 Loom
17:13 Feudal Age
18:48 Double-Bit Axe
19:55 Fletching
30:22 Castle Age
30:24 Town Watch
30:39 Gold Mining
31:16 Bodkin Arrow
34:22 Ballistics
36:33 Bow Saw
36:38 Masonry
38:14 Wheelbarrow
39:55 Gambesons
42:47 Scale Mail Armor
42:57 Forging
44:12 Gold Shaft Mining
45:44 Chain Mail Armor
45:39 Forging
PRO_ENEMY
10:41 Feudal Age
9:27 Loom
12:00 Double-Bit Axe
11:56 Horse Collar
14:05 Fishing Lines
18:20 Castle Age
19:41 Wheelbarrow
19:17 Bow Saw
19:08 Heavy Plow
21:30 Town Watch
21:36 Town Watch
22:12 Hand Cart
22:01 Gillnets
24:06 Gold Mining
24:28 Fletching
24:39 Scale Mail Armor
25:00 Stone Mining
29:55 Imperial Age
28:12 Scale Mail Armor
28:23 Forging
28:29 Pikeman
29:10 Squires
29:29 Chain Mail Armor
29:50 Iron Casting
29:44 Gambesons
29:45 Arson
29:25 Man-at-Arms
30:04 Halberdier
31:21 Plate Mail Armor
31:53 Blast Furnace
31:55 Two-Man Saw
31:31 Long Swordsman
32:34 Conscription
32:40 Wootz Steel
32:38 Two-Handed Swordsman
33:33 Champion
Stench_of_Evil
1:15 Loom
13:03 Feudal Age
13:46 Double-Bit Axe
17:02 Castle Age
17:55 Bow Saw
19:50 Fishing Lines
22:25 Gold Mining
23:29 Gillnets
23:34 Horse Collar
24:42 Heavy Plow
26:56 Wheelbarrow
28:21 Hand Cart
28:09 Scale Mail Armor
28:03 Stone Mining
32:01 Imperial Age
29:48 Chain Mail Armor
29:44 Forging
29:08 Pikeman
29:48 Squires
30:26 Man-at-Arms
32:08 Iron Casting
31:39 Town Watch
31:20 Long Swordsman
32:35 Anarchy
33:50 Blast Furnace
32:13 Elite Huskarl
32:44 Two-Handed Swordsman
32:44 Halberdier
33:42 Perfusion
34:04 Conscription
33:48 Champion
39:48 Caravan
40:19 Coinage
40:00 Guilds
41:35 Chemistry
40:43 Scale Barding Armor
40:28 Fletching
40:39 Padded Archer Armor
45:01 Two-Man Saw
Pol
5:09 Loom
11:18 Feudal Age
15:06 Castle Age
14:50 Double-Bit Axe
Doctorbonus
1:12 Loom
14:06 Feudal Age
15:32 Town Watch
18:21 Fletching
18:52 Double-Bit Axe
22:17 Wheelbarrow
22:45 Horse Collar
28:16 Castle Age
27:27 Fishing Lines
27:39 Gold Mining
27:53 Padded Archer Armor
28:19 Stone Mining
28:34 Crossbowman
29:10 Bodkin Arrow
29:42 Bow Saw
30:34 Ballistics
30:28 Fortified Wall
30:41 Ballistics
30:37 Heavy Plow
31:42 Leather Archer Armor
38:17 Imperial Age
36:00 Treadmill Crane
36:32 Masonry
37:43 Stone Shaft Mining
39:34 Conscription
40:18 Chemistry
39:18 Bracer
40:49 Ring Archer Armor
40:26 Thumb Ring
42:11 Hand Cart
toul35
8:48 Loom
11:00 Feudal Age
16:50 Castle Age
15:54 Double-Bit Axe
16:09 Gold Mining
19:01 Bow Saw
19:26 Demolition Ship
20:09 Demolition Ship
20:32 Fishing Lines
21:08 Demolition Ship
23:47 Wheelbarrow
23:42 Fletching
24:34 Horse Collar
25:07 Demolition Ship
25:39 Gillnets
30:10 Imperial Age
28:16 Detinets
28:50 Hand Cart
28:21 Town Watch
29:23 Bodkin Arrow
30:50 Onager
34:17 Conscription
37:49 Forging
38:14 Town Patrol
39:33 Iron Casting
39:04 Scale Barding Armor
38:51 Elite Boyar
42:09 Chain Barding Armor
43:17 Blast Furnace
44:01 Plate Barding Armor
Connection lost

Rejoining the realm…

Still unreachable

The connection could not be restored.

Session expired

The server has moved on; the page needs a fresh start.